 Dungeon Crawl Stone Soup version 0.30.0-10-gfe55d96785 (webtiles) character file.

Game seed: 13655061859819235226

947 gayyborat the Magician (level 7, -1/36 HPs)
             Began as a Deep Elf Conjurer on May 14, 2023.
             Shot with an arrow by a centaur (14 damage)
             ... on level 5 of the Dungeon.
             The game lasted 00:19:30 (6007 turns).

gayyborat the Magician (Deep Elf Conjurer)          Turns: 6007, Time: 00:19:31

Health: -1/36      AC:  4    Str:  4    XL:     7   Next: 89%
Magic:  14/20      EV: 13    Int: 25    God:
Gold:   236        SH:  0    Dex: 13    Spells: 10/21 levels left

rFire   . . .        g - +0 dagger
rCold   . . .        (no shield)
rNeg    . . .        a - +0 robe
rPois   .            n - +0 helmet
rElec   .            x - +0 cloak
rCorr   +            (no gloves)
SInv    .            (no boots)
Will    .....        (no amulet)
Stlth   +++          k - ring of resist corrosion
HPRegen 0.26/turn    (no ring)
MPRegen 0.17/turn

%: no passive effects
@: lethally poisoned (-1 -> -3)
A: no striking features
a: no special abilities


You were on level 5 of the Dungeon.
You visited 1 branch of the dungeon, and saw 5 of its levels.
You also visited: Sewer.

You collected 236 gold pieces.

Inventory:

Hand Weapons
 g - a +0 dagger (weapon)
Missiles
 c - 3 javelins
 z - 3 poisoned darts (quivered)
Armour
 a - a +0 robe (worn)
 n - a +0 helmet (worn)
 x - a +0 cloak (worn)
Jewellery
 i - a ring of ice
 k - a ring of resist corrosion (left hand)
 s - a ring of positive energy
 y - a ring of ice
Wands
 w - a wand of flame (17)
Scrolls
 d - a scroll of poison {unknown}
 f - a scroll of silence
 h - 2 scrolls of identify
 l - 2 scrolls of vulnerability {unknown}
 q - 3 scrolls of teleportation
 r - a scroll of noise {unknown}
 t - a scroll of fear {unknown}
 u - a scroll of amnesia
 v - 2 scrolls of blinking {unknown}
 A - a scroll of magic mapping {unknown}
 B - 2 scrolls of butterflies {unknown}
Potions
 b - a potion of magic
 e - 2 potions of mutation {unknown}
 j - 3 potions of invisibility {unknown}
 m - 2 potions of heal wounds {unknown}
 o - a potion of brilliance {unknown}
 p - 2 potions of curing {unknown}
 C - a potion of might {unknown}


   Skills:
 + Level 0.3 Fighting
 + Level 2.0 Short Blades
 + Level 0.2 Throwing
 + Level 3.2 Dodging
 + Level 4.2 Stealth
 + Level 7.8 Spellcasting
 + Level 7.1 Conjurations
 + Level 2.4 Translocations


You had 10 spell levels left.
You knew the following spells:

 Your Spells              Type           Power      Damage    Failure   Level
a - Magic Dart            Conj           100%       1d8       1%          1
b - Searing Ray           Conj           90%        2d7       1%          2
c - Iskenderun's Mystic   Conj/Tloc      34%        2d8       9%          4
d - Fulminant Prism       Conj/Hex       13%        3d9       14%         4

Your spell library contained the following spells:

 Spells                   Type           Power      Damage    Failure   Level
 Dazzling Flash           Conj/Hex       54%        N/A       4%          3
 Summon Small Mammal      Summ           36%        N/A       6%          1
 Call Canine Familiar     Summ           9%         N/A       19%         3
 Summon Guardian Golem    Hex/Summ       9%         N/A       19%         3


Dungeon Overview and Level Annotations

Branches:
Dungeon (5/15)             Temple (0/1) D:4           Sewer (visited)

Altars:
Ashenzari
Ru
Zin
The Shining One


Message History

You are no longer poisoned.
You start resting.
HP restored.
Magic restored.
You see here a +0 giant spiked club.
You see here an adder skeleton.
z - a poisoned dart
z - 2 poisoned darts (gained 1)
z - 3 poisoned darts (gained 1)
You now have 236 gold pieces (gained 14).
Found a war axe.
A scorpion comes into view.
Found a runed quarterstaff.
The scorpion stings you.
You are poisoned.
The scorpion poisons you!
Casting: Searing Ray (safe; 1% risk of failure)
Confirm with . or Enter, or press ? or * to list all spells.
The spell is quite dangerous to miscast (10% risk of failure)!
Continue anyway?
You erupt in a blast of force!
The mystic blast hits the scorpion!
The scorpion is almost dead.
The scorpion is knocked back by the mystic blast.
You feel sick.
You hear a shout!
Casting: Iskenderun's Mystic Blast (quite dangerous; 10% risk of failure)
Confirm with . or Enter, or press ? or * to list all spells.
Aiming: Searing Ray (safe; 1% risk of failure)
Press: ? - help, Shift-Dir - straight line, f - scorpion
Aim: a scorpion (almost dead, 82% to hit)
The searing ray hits the scorpion!
You kill the scorpion! (Press . to maintain the ray.)
You feel sick.
Your Translocations skill increases to level 2!
You feel sick.
You feel sick.
The centaur wields a +0 shortbow.
The centaur shoots an arrow.
The arrow hits you.
You feel sick.
The centaur shoots an arrow.
The arrow hits you!
The centaur shoots an arrow.
The arrow hits you!
You die...

#...##..## #........
##.##..## #####........
.###...# ..... ..#..#.#
...... #.#..#.#
###.).... #....#.#####
#.+...).c
.....[.....#####.#......
...........#............
...........#....@.......
.#.#...#####.......####.
.......#########.#......
.......#................
..#######.####.....#####
....##....# #.#.#.#
.#.###....# #.#...# .#.#
#....####.##### .#.#
#.........# ##


You could see a centaur.

Vanquished Creatures
  A water moccasin (D:5)
  An ice beast (D:5)
  A sky beast (D:5)
  An ogre (D:5)
  A kobold brigand (Sewer)
  4 scorpions
  2 hounds (D:5)
  7 adders
  3 river rats
  A white imp (D:5)
  2 ufetubi
  2 worms
  A dart slug (D:4)
  An orc (D:3)
  12 ball pythons
  8 bats
  7 endoplasms
  5 giant cockroaches
  5 goblins
  6 hobgoblins
  7 jackals
  5 quokkas
  9 frilled lizards
  11 kobolds
  6 rats
109 creatures vanquished.

Notes
Turn   | Place    | Note
-------+----------+-------------------------------------------
     0 | D:1      | gayyborat the Deep Elf Conjurer began the quest for the
                  | Orb.
     0 | D:1      | Reached XP level 1. HP: 10/10 MP: 6/6
   338 | D:1      | Reached XP level 2. HP: 15/15 MP: 8/8
   543 | D:1      | Reached skill level 5 in Conjurations
  1078 | D:2      | Reached XP level 3. HP: 19/19 MP: 7/9
  1104 | D:2      | Learned a level 2 spell: Searing Ray
  2415 | D:3      | Reached XP level 4. HP: 15/24 MP: 2/11
  2970 | D:3      | Found a glowing silver altar of Zin.
  3241 | D:4      | Found a staircase to the Ecumenical Temple.
  3400 | D:4      | Found a broken altar of Ashenzari.
  3424 | D:4      | Noticed a scorpion
  3434 | D:4      | Learned a level 4 spell: Iskenderun's Mystic Blast
  3437 | D:4      | Killed a scorpion
  3438 | D:4      | Reached XP level 5. HP: 28/28 MP: 8/14
  3558 | D:4      | Reached skill level 5 in Spellcasting
  3838 | D:4      | Found a sacrificial altar of Ru.
  4024 | D:5      | Entered Level 5 of the Dungeon
  4026 | D:5      | Found a glowing drain.
  4110 | Sewer    | Entered a sewer
  4255 | Sewer    | Reached XP level 6. HP: 32/32 MP: 5/16
  4410 | Sewer    | Reached skill level 1 in Short Blades
  5071 | D:5      | Noticed a sky beast
  5077 | D:5      | Killed a sky beast
  5234 | D:5      | Found a glowing golden altar of the Shining One.
  5277 | D:5      | Noticed an ice beast
  5289 | D:5      | Killed an ice beast
  5290 | D:5      | Reached XP level 7. HP: 16/36 MP: 2/19
  5710 | D:5      | Reached skill level 1 in Translocations
  5846 | D:5      | Learned a level 4 spell: Fulminant Prism
  6007 | D:5      | Shot with an arrow by a centaur

Illustrated notes

Levels and vault maps discovered:
D:1:      moated_graveyard_arrival, layout_loops_ring, minmay_surrounded
D:2:      layout_loops_corners, minmay_misc_feat_cross
D:3:      layout_rooms, mainiacjoe_overflow_alcove_4
D:4:      dreamdust_elfheim, layout_loops_cross, nicolae_overflow_crystal_walls,
          nicolae_ru_sacrificial_ziggurat, minmay_temple_entry_glass
D:5:      layout_basic, mainiacjoe_overflow_chevrons, tso_metal_star,
          bloody_makhleb, portal_sewer_entry_a

Skill      XL: |  1  2  3  4  5  6  7 |
---------------+----------------------+-----
Conjurations   | 5 6 7 |  7.1
Stealth        | 3 4 |  4.2
Spellcasting   | 4 5 7 |  7.8
Short Blades   | 1 2 |  2.0
Dodging        | 3 |  3.2
Translocations | 2 |  2.4
Fighting       | |  0.3
Throwing       | |  0.2

Action                     |  1- 3 |  4- 6 |  7- 9 || total
---------------------------+-------+-------+-------++-------
  Melee: Dagger            |     3 |    42 |       ||    45
         Punch             |       |     1 |       ||     1
  Throw: Dart              |       |       |     3 ||     3
   Cast: Magic Dart        |    76 |    56 |     4 ||   136
         Searing Ray       |     4 |    16 |     8 ||    28
         Iskenderun's Myst |       |     8 |     5 ||    13
    Use: Scroll            |     3 |     2 |       ||     5
         Potion            |       |     1 |       ||     1
   Stab: Sleeping          |     3 |     1 |       ||     4
 Armour: Robe              |     4 |     6 |       ||    10
  Dodge: Dodged            |     9 |    25 |     2 ||    36
